 Dungeon Crawl Stone Soup version 0.29-a0-231-g945431f764 (webtiles) character file.

Game seed: 15219745959296505844

19 Marcotte the Conjurer (level 2, 0/19 HPs)
             Began as a Human Conjurer on Feb 28, 2022.
             Slain by an adder (1 damage)
             ... on level 6 of the Dungeon.
             The game lasted 00:12:25 (2837 turns).

Marcotte the Conjurer (Human Conjurer)              Turns: 2837, Time: 00:12:26

Health: 0/19       AC:  2    Str:  7    XL:     2   Next: 95%
Magic:  1/5        EV: 12    Int: 18    God:
Gold:   36         SH:  0    Dex: 11    Spells: 2/5 levels left

rFire   . . .      SeeInvis .   (no weapon)
rCold   . . .      Faith    .   (no shield)
rNeg    . . .      Spirit   .   a - +0 robe
rPois   .          Reflect  .   (no helmet)
rElec   .          Harm     .   (no cloak)
rCorr   .          Rampage  .   (no gloves)
Will    .....                   (no boots)
Stlth   ++........              (no amulet)
HPRegen 0.06/turn               (no ring)
MPRegen 0.09/turn               (no ring)

@: lethally poisoned (0 -> -2), hasted, very quick
A: no striking features
a: no special abilities


You were on level 6 of the Dungeon.
You visited 1 branch of the dungeon, and saw 4 of its levels.

You collected 36 gold pieces.

Inventory:

Hand Weapons
 f - a +0 dagger
 g - a +0 scimitar
Armour
 a - a +0 robe (worn)
Scrolls
 d - a scroll of amnesia {unknown}
 e - a scroll of identify {unknown}
Potions
 c - 3 potions of curing {unknown}


   Skills:
 + Level 2.1 Dodging
 + Level 2.0 Stealth
 * Level 2.3 Spellcasting
 + Level 4.4 Conjurations


You had 2 spell levels left.
You knew the following spells:

 Your Spells              Type           Power      Damage    Failure   Level
a - Magic Dart            Conj           72%        1d6       2%          1
b - Searing Ray           Conj           36%        2d5       4%          2

Your spell library contained the following spells:

 Spells                   Type           Power      Damage    Failure   Level
 Ensorcelled Hibernation  Hex/Ice        4%         N/A       26%         2
 Passwall                 Tmut/Erth      1%         N/A       26%         2
 Dazzling Flash           Conj/Hex       20%        N/A       22%         3
 Swiftness                Air            2%         N/A       47%         3
 Fulminant Prism          Conj/Hex       5%         3d7       56%         4
 Iskenderun's Mystic Bla  Conj/Tloc      10%        2d4       56%         4


Dungeon Overview and Level Annotations

Branches:
Dungeon (3/15)

Altars:

Portals:
Sewer: D:6


Message History

The iguana barely misses you.
A rat and a river rat come into view.
A rat and a giant cockroach come into view.
Found a glowing drain.
Found 12 gold pieces.
Found a scroll labelled FOPIGU ZUPN.
The rat barely misses you.
You hear the slow rusting of a drain.
The orc hits you but does no damage.
Casting: Searing Ray (safe; 4% risk of failure)
Confirm with . or Enter, or press ? or * to list all spells.
Aiming: Searing Ray (safe; 4% risk of failure)
Press: ? - help, Shift-Dir - straight line, f - iguana, p - orc
Aim: an iguana (81% to hit)
The searing ray hits the orc!
You kill the orc!
The searing ray misses the iguana. (Press . to maintain the ray.)
An adder comes into view.
The adder hisses angrily.
The adder closely misses you. The adder bites you.
* * * LOW HITPOINT WARNING * * *
The adder barely misses you. The adder completely misses you.
The adder misses you.
A wight comes into view.
It is wielding a +1 mace. 3 wights come into view.
A white imp comes into view.
The adder bites you.
* * * LOW HITPOINT WARNING * * *
You are lethally poisoned!
The adder poisons you!
A wight comes into view. It is wielding a +4 short sword.
* * * LOW HITPOINT WARNING * * *
You feel sick.
It was a potion of haste.
You feel yourself speed up.
* * * LOW HITPOINT WARNING * * *
You feel sick.
The white imp shouts, "Despair, thou wayward fat-kidneyed pigeon-egg!"
The adder bites you.
You die...

.. ......# ... #.....#
.z.##.....# .z........#
..........#
..z...z...##############
.z.......B.o..........).
.......@Sl...r..........
........................
..........##...##.......
..........##############
........... ...##.....##
.5. ####### ..


You could see an iguana, 5 wights, an adder, a white imp, an orc, a giant
cockroach and a rat.

Vanquished Creatures
  3 orcs (D:6)
  2 bats
  A goblin (D:2)
  2 quokkas (D:1)
  3 frilled lizards (D:1)
  3 kobolds (D:1)
  2 rats
16 creatures vanquished.

Notes
Turn   | Place    | Note
-------+----------+-------------------------------------------
     0 | D:1      | Marcotte the Human Conjurer began the quest for the Orb.
     0 | D:1      | Reached XP level 1. HP: 13/13 MP: 3/3
     1 | D:1      | Noticed an electric eel
  1010 | D:1      | Reached XP level 2. HP: 19/19 MP: 0/5
  2395 | D:1      | Learned a level 2 spell: Searing Ray
  2762 | D:3      | You fall into a shaft and drop 3 floors!
  2806 | D:6      | Found a glowing drain.
  2833 | D:6      | Noticed a wight
  2835 | D:6      | Noticed a wight
  2835 | D:6      | Noticed a wight
  2835 | D:6      | Noticed a wight
  2836 | D:6      | Noticed a wight
  2837 | D:6      | Slain by an adder

Illustrated notes

Levels and vault maps discovered:
D:1:      arrival_aquarium_a, layout_loops_ring,
          hangedman_abyss_or_decor_lesser_grid, st_stairs_10,
          corexii_leaking_fountain
D:2:      layout_basic, minmay_circle_x
D:3:      layout_basic, st_stairs_3
D:6:      layout_gridville, portal_sewer_entry_b

Action                   || total
-------------------------++-------
Melee: Unarmed           ||     5
 Cast: Magic Dart        ||    23
       Searing Ray       ||     6
  Use: Potion            ||     1
Armor: Robe              ||     4
Dodge: Dodged            ||    31

Table legend: (Time is in decaauts)
 A = Elapsed time spent in this place.
 B = Non-inter-level travel time spent in this place.
 C = Inter-level travel time spent in this place.
 D = Time resting spent in this place.
 E = Time spent auto-exploring this place.
 F = Levels seen in this place.
 G = Mean time per level.
                   A        B        C        D        E       F      G
               +--------+--------+--------+--------+--------+-----+--------+
         Total |   2838 |   2834 |      4 |   1840 |    344 |   4 |  709.5 |
       Dungeon |   2838 |   2834 |      4 |   1840 |    344 |   4 |  709.5 |
               +--------+--------+--------+--------+--------+-----+--------+

Top non-repeatable levels by time:
     D:1: 2407 daAuts
     D:2: 331 daAuts
     D:6: 74 daAuts
     D:3: 24 daAuts
